 Dungeon Crawl Stone Soup version 0.26.0-16-gc1dbca0489 (webtiles) character file.

Game seed: 16001698590304560070

137 EnegeticOcto the Insei (level 5, -3/40 HPs)
             Began as a Gnoll Transmuter on Jan 18, 2021.
             Slain by an iguana (9 damage)
             ... on level 4 of the Dungeon.
             The game lasted 00:03:09 (398 turns).

EnegeticOcto the Insei (Gnoll Transmuter)            Turns: 398, Time: 00:03:09

Health: -3/40      AC:  9    Str: 12    XL:     5   Next: 20%
Magic:  12/12      EV:  7    Int: 16    God:
Gold:   43         SH:  0    Dex: 16    Spells: 13/14 levels left

rFire    . . .     SeeInvis .     - Unarmed
rCold    . . .     Faith    .   (no shield)
rNeg     . . .     Spirit   .   b - +0 chain mail
rPois    .         Reflect  .   (no helmet)
rElec    .         Harm     .   (no cloak)
rCorr    .         Rampage  .   m - +0 pair of gloves
Will     .....                  (no boots)
Stlth    ..........             c - amulet of regeneration
HPRegen  0.53/turn              (no ring)
MPRegen  0.13/turn              (no ring)

@: no status effects
A: distributed training, fangs 1, strong nose
a: no special abilities


You were on level 4 of the Dungeon.
You visited 1 branch of the dungeon, and saw 4 of its levels.

You collected 43 gold pieces.

Inventory:

Hand Weapons
 g - a +0 dagger of venom
   (You found it on level 2 of the Dungeon)
 l - a +2 dagger of draining
   (You took it off a goblin on level 3 of the Dungeon)
Missiles
 e - 6 datura-tipped darts
Armour
 a - a +0 robe
 b - a +0 chain mail (worn)
   (You found it on level 1 of the Dungeon)
 m - a +0 pair of gloves (worn)
   (You found it on level 3 of the Dungeon)
Jewellery
 c - an amulet of regeneration (around neck)
   (You found it on level 1 of the Dungeon)
Scrolls
 d - a scroll of identify {unknown}
 h - a scroll of remove curse {unknown}
 i - a scroll of noise {unknown}
Potions
 f - a potion of heal wounds {unknown}
 j - a potion of degeneration {unknown}
 k - a potion of lignification {unknown}


   Skills:
 + Level 2.9 Fighting
 + Level 1.4 Short Blades
 + Level 1.4 Long Blades
 + Level 1.4 Axes
 + Level 1.4 Maces & Flails
 + Level 1.4 Polearms
 + Level 1.4 Staves
 + Level 1.4 Slings
 + Level 1.4 Bows
 + Level 1.4 Crossbows
 + Level 1.4 Throwing
 + Level 1.4 Armour
 + Level 4.7 Dodging
 + Level 1.4 Stealth
 + Level 1.4 Shields
 + Level 6.6 Unarmed Combat
 + Level 5.1 Spellcasting
 + Level 1.1 Conjurations
 + Level 1.1 Hexes
 + Level 1.1 Summonings
 + Level 1.1 Necromancy
 + Level 1.1 Translocations
 + Level 3.9 Transmutations
 + Level 1.1 Fire Magic
 + Level 1.1 Ice Magic
 + Level 1.1 Air Magic
 + Level 1.1 Earth Magic
 + Level 1.1 Poison Magic
 + Level 1.5 Invocations
 + Level 1.4 Evocations


You had 13 spell levels left.
You knew the following spells:

 Your Spells              Type           Power        Failure   Level
a - Beastly Appendage     Tmut           32%          77%         1

Your spell library contained the following spells:

 Spells                   Type           Power        Failure   Level
 Wereblood                Tmut           16%          88%         2
 Spider Form              Tmut/Pois      6%           100%        3
 Ice Form                 Ice/Tmut       12%          100%        4
 Blade Hands              Tmut           8%           100%        5


Dungeon Overview and Level Annotations

Branches:
Dungeon (4/15)
 Temple: D:4-7

Altars:


Innate Abilities, Weirdness & Mutations

Your experience applies equally to all skills.
You have very sharp teeth.
Your uncanny sense of smell can sniff out nearby items.


Message History

Your Staves skill increases to level 1!
Your Slings skill increases to level 1!
Your Bows skill increases to level 1!
Your Crossbows skill increases to level 1!
Your Throwing skill increases to level 1!
Your Armour skill increases to level 1!
Your Stealth skill increases to level 1!
Your Shields skill increases to level 1!
Your Evocations skill increases to level 1!
No target in view!
You open the door.
There is an open door here.
An ogre comes into view. It is wielding a +0 giant spiked club.
Your +0 dagger of venom begins to drip with poison!
g - a +0 dagger of venom (weapon)
You hit the ogre but do no damage. The ogre barely misses you.
You hit the ogre.
The ogre is poisoned.
The ogre is lightly wounded.
A phantom comes into view.
You hit the ogre but do no damage.
The ogre is lightly wounded.
The ogre closely misses you.
You hit the ogre.
The ogre is severely wounded.
The ogre looks more healthy.
You hit the ogre.
The ogre is almost dead.
The ogre barely misses you.
You hit the ogre.
The ogre is almost dead.
The phantom blinks!
The ogre hits you with a +0 giant spiked club!!
Ouch! That really hurt!
* * * LOW HITPOINT WARNING * * *
You aren't carrying any items that you can evoke.
You swing at nothing.
You hit the ogre.
You kill the ogre!
The phantom hits you.
* * * LOW HITPOINT WARNING * * *
The phantom blinks!
Your Conjurations skill increases to level 1!
Your Hexes skill increases to level 1!
Your Summonings skill increases to level 1!
Your Necromancy skill increases to level 1!
Your Translocations skill increases to level 1!
Your Fire Magic skill increases to level 1!
Your Ice Magic skill increases to level 1!
Your Air Magic skill increases to level 1!
Your Earth Magic skill increases to level 1!
Your Poison Magic skill increases to level 1!
You have reached level 4!
You feel agile.
You have reached level 5!
Things that are here:
a +0 giant spiked club; an ogre corpse The phantom blinks!
The phantom hits you.
* * * LOW HITPOINT WARNING * * *
The phantom blinks!
Things that are here:
a +0 giant spiked club; an ogre corpse The phantom blinks!
Found 10 gold pieces.
You now have 43 gold pieces (gained 10).
Your +0 dagger of venom stops dripping with poison.
You are now empty-handed.
An adder skeleton comes into view.
Found a ring mail.
You hit the adder skeleton.
The adder skeleton is heavily damaged.
The adder skeleton bites you but does no damage.
You punch the adder skeleton!
The adder skeleton is almost destroyed.
The adder skeleton bites you but does no damage.
You hit the adder skeleton.
You destroy the adder skeleton!
The phantom blinks!
Found a whip.
An iguana comes into view.
The iguana hisses angrily.
You closely miss the phantom.
The phantom hits you but does no damage.
You barely miss the phantom. You hit the phantom but do no damage.
The phantom completely misses you.
You hit the phantom.
The phantom is lightly damaged.
The phantom barely misses you.
You punch the iguana! You bite the iguana, but do no damage.
The iguana is heavily wounded.
The iguana barely misses you. The phantom hits you.
You barely miss the iguana.
The iguana is heavily wounded.
The phantom completely misses you. The iguana bites you!
* * * LOW HITPOINT WARNING * * *
You punch the iguana!
The iguana is almost dead.
The phantom hits you!
* * * LOW HITPOINT WARNING * * *
The phantom blinks!
The iguana bites you!
You die...

#... .... #).. #..#
#..# ..# #.# #l#
#@##########
#§##.......#
#.##.#####.#
######W##.#####.#####
.[............§......#
.######.##W#####.###.#
#...#.# #.# #.#
#......# #.# #.#
##...#.. ..# #)#


You could see a phantom and an iguana.

Vanquished Creatures
  An ogre (D:4)
  Terence (D:3)
  2 oozes
  An adder skeleton (D:4)
  2 leopard geckos (D:3)
  2 giant cockroaches
  3 goblins (D:3)
  A hobgoblin (D:3)
  2 kobolds
  A bat (D:3)
  A frilled lizard (D:3)
  2 rats (D:3)
19 creatures vanquished.

Notes
Turn   | Place    | Note
-------+----------+-------------------------------------------
     0 | D:1      | EnegeticOcto the Gnoll Transmuter began the quest for the
                  | Orb.
     0 | D:1      | Reached XP level 1. HP: 17/17 MP: 6/6
   132 | D:3      | Noticed Terence
   151 | D:3      | Killed Terence
   152 | D:3      | Reached skill level 5 in Spellcasting
   152 | D:3      | Reached XP level 2. HP: 20/23 MP: 8/8
   152 | D:3      | Reached XP level 3. HP: 25/28 MP: 9/9
   247 | D:3      | Reached skill level 1 in Invocations
   324 | D:4      | Reached skill level 1 in Short Blades
   324 | D:4      | Reached skill level 1 in Long Blades
   324 | D:4      | Reached skill level 1 in Axes
   324 | D:4      | Reached skill level 1 in Maces & Flails
   324 | D:4      | Reached skill level 1 in Polearms
   324 | D:4      | Reached skill level 1 in Staves
   324 | D:4      | Reached skill level 1 in Slings
   324 | D:4      | Reached skill level 1 in Bows
   324 | D:4      | Reached skill level 1 in Crossbows
   324 | D:4      | Reached skill level 1 in Throwing
   324 | D:4      | Reached skill level 1 in Armour
   324 | D:4      | Reached skill level 1 in Stealth
   324 | D:4      | Reached skill level 1 in Shields
   324 | D:4      | Reached skill level 1 in Evocations
   334 | D:4      | Noticed an ogre
   338 | D:4      | Noticed a phantom
   356 | D:4      | Killed an ogre
   357 | D:4      | Reached skill level 1 in Conjurations
   357 | D:4      | Reached skill level 1 in Hexes
   357 | D:4      | Reached skill level 1 in Summonings
   357 | D:4      | Reached skill level 1 in Necromancy
   357 | D:4      | Reached skill level 1 in Translocations
   357 | D:4      | Reached skill level 1 in Fire Magic
   357 | D:4      | Reached skill level 1 in Ice Magic
   357 | D:4      | Reached skill level 1 in Air Magic
   357 | D:4      | Reached skill level 1 in Earth Magic
   357 | D:4      | Reached skill level 1 in Poison Magic
   357 | D:4      | Reached XP level 4. HP: 6/34 MP: 11/11
   357 | D:4      | Reached XP level 5. HP: 7/40 MP: 12/12
   398 | D:4      | Slain by an iguana

Illustrated notes

Levels and vault maps discovered:
D:1:      eino_arrival_cavern_e, layout_basic, supply_closet_lemuel
D:2:      layout_rooms, nicolae_overflow_crystal_walls,
          nicolae_dithmenos_shadow_blocks
D:3:      layout_basic, old_standard_altar, uniq_terence
D:4:      layout_loops_corners, uniq_blork_the_orc, uniq_menkaure

Skill      XL: |  1  2  3 |
---------------+----------+-----
Spellcasting   | 5 |  5.1
Invocations    | 1 |  1.5
Short Blades   | 1 |  1.4
Long Blades    | 1 |  1.4
Axes           | 1 |  1.4
Maces & Flails | 1 |  1.4
Polearms       | 1 |  1.4
Staves         | 1 |  1.4
Slings         | 1 |  1.4
Bows           | 1 |  1.4
Crossbows      | 1 |  1.4
Throwing       | 1 |  1.4
Armour         | 1 |  1.4
Stealth        | 1 |  1.4
Shields        | 1 |  1.4
Evocations     | 1 |  1.4
Conjurations   | 1 |  1.1
Hexes          | 1 |  1.1
Summonings     | 1 |  1.1
Necromancy     | 1 |  1.1
Translocations | 1 |  1.1
Fire Magic     | 1 |  1.1
Ice Magic      | 1 |  1.1
Air Magic      | 1 |  1.1
Earth Magic    | 1 |  1.1
Poison Magic   | 1 |  1.1
Fighting       | |  2.9
Dodging        | |  4.7
Unarmed Combat | |  6.6
Transmutations | |  3.9

Action                   |  1- 3 |  4- 6 || total
-------------------------+-------+-------++-------
Melee: Unarmed           |    61 |    10 ||    71
       Dagger            |    20 |       ||    20
       Bite              |     5 |     1 ||     6
       Punch             |     1 |       ||     1
Armor: Chain mail        |    40 |     3 ||    43
Dodge: Dodged            |    35 |     4 ||    39
